 Dungeon Crawl Stone Soup version 0.29-a0-1008-g949cc1d0fb (webtiles) character file.

Game seed: 16763854325700764416

11813 Sabo the Cruncher (level 11, -6/129 HPs)
             Began as a Demonspawn Berserker on Aug 7, 2022.
             Was a High Priest of Trog.
             Killed by divine providence
             ... invoked by an orc priest
              (13 damage)
             ... on level 11 of the Dungeon.
             The game lasted 01:17:19 (12513 turns).

Sabo the Cruncher (Demonspawn Berserker)           Turns: 12513, Time: 01:17:19

Health: -6/129     AC: 24    Str: 21    XL:     11   Next: 54%
Magic:  20/20      EV: 24    Int: 10    God:    Trog [*****.]
Gold:   840        SH:  4    Dex: 18    Spells: 10/10 levels left

rFire   . . .      SeeInvis .   C - +7 staff of the Meek {protect, meekguard}
rCold   + . .      Faith    .   (shield currently unavailable)
rNeg    . . .      Spirit   .   n - +2 leather armour of Sloth {+Blink rC+ Regen+ MP+9}
rPois   .          Reflect  .   f - +0 helmet
rElec   .          Harm     .   (no cloak)
rCorr   .          Rampage  .   P - +0 pair of gloves
Will    +....                   H - +1 pair of boots
Stlth   ..........              L - amulet "Besch" {Will+ Regen+}
HPRegen 1.91/turn               j - +4 ring of evasion
MPRegen 0.17/turn               K - +6 ring of dexterity

@: berserking (expiring), under a protective aura, repel missiles, very quick
A: hooves 1, repulsion field 3, foul stench 1, condensation shield
a: Renounce Religion, Evoke Blink, Berserk, Trog's Hand, Brothers in Arms


You were on level 11 of the Dungeon.
You worshipped Trog.
Trog was extremely pleased with you.
You visited 1 branch of the dungeon, and saw 11 of its levels.

You collected 945 gold pieces.
You spent 105 gold pieces at shops.

Inventory:

Hand Weapons
 m - a +2 vorpal hand axe
 s - the +7 dire flail of Arbitration {antimagic, +Blink rElec rPois rC-}
   (Trog gifted it to you on level 11 of the Dungeon)

   It reduces the magical energy of the wielder, and disrupts the spells and
   magical abilities of those it strikes.
   Natural abilities and divine invocations are not affected.
   rC:        It makes you vulnerable to cold.
   rElec:     It insulates you from electricity.
   rPois:     It protects you from poison.
   +Blink:    It lets you blink.
 C - the +7 staff of the Meek (weapon) {protect, meekguard}
   (You found it on level 6 of the Dungeon)

   It grants its wielder temporary protection when it strikes (+7 to AC).
   It provides extra protection to wielders with little health.
 F - a +0 shortbow
 O - a +2 war axe of freezing
Missiles
 c - 5 javelins (quivered)
 o - 5 boomerangs
 t - 46 poisoned darts
Armour
 a - a +0 kite shield
 f - a +0 helmet (worn)
 n - the +2 leather armour of Sloth (worn) {+Blink rC+ Regen+ MP+9}
   (You found it on level 2 of the Dungeon)

   rC:        It protects you from cold.
   MP:        It affects your magic capacity (+9).
   +Blink:    It lets you blink.
   Regen:     It increases your rate of health regeneration.
 q - a +2 hat
 H - a +1 pair of boots (worn)
 P - a +0 pair of gloves (worn)
Jewellery
 b - a ring of see invisible
 j - a +4 ring of evasion (left hand)
 k - a ring of protection from fire
 G - a ring of willpower
 K - a +6 ring of dexterity (right hand)
 L - the amulet "Besch" (around neck) {Will+ Regen+}
   (You found it on level 8 of the Dungeon)

   [amulet of regeneration]

   Regen:     It increases your rate of health regeneration.
   Will:      It increases your willpower.
 M - a ring of resist corrosion
Wands
 l - a wand of paralysis (4)
 r - a wand of polymorph (12)
 v - a wand of flame (21)
 E - a wand of mindburst (16)
Scrolls
 d - 4 scrolls of teleportation
 e - 3 scrolls of magic mapping
 h - 3 scrolls of fear
 w - 2 scrolls of poison
 A - a scroll of identify
 B - 2 scrolls of immolation
 D - a scroll of enchant weapon
 J - a scroll of brand weapon
Potions
 g - 4 potions of curing
 i - a potion of flight
 p - 2 potions of attraction {unknown}
 u - 4 potions of haste {unknown}
 x - 3 potions of heal wounds
 z - 3 potions of might
 I - a potion of lignification {unknown}
 N - a potion of invisibility {unknown}


   Skills:
 + Level 8.0 Fighting
 + Level 7.7(8.1) Axes
 + Level 3.3(8.3) Maces & Flails
 + Level 8.9(9.2) Staves
 + Level 1.8 Throwing
 + Level 4.5 Armour
 + Level 7.1 Dodging
 + Level 3.4 Stealth
 + Level 3.9 Shields
 + Level 0.4 Unarmed Combat


You had 10 spell levels left.
You didn't know any spells.
Your spell library was empty.

Dungeon Overview and Level Annotations

Branches:
Dungeon (11/15)            Temple (0/1) D:5            Lair (0/5) D:8
    Orc (0/2) D:11

Altars:
Hepliaklqana
Qazlal
Xom

Shops:
D:8 (?(


Innate Abilities, Weirdness & Mutations

You have large cloven feet.
You are surrounded by a strong repulsion field. (EV +4, RMsl)
You may rarely emit foul miasma when damaged in melee.
A meltable shield of frost defends you. (SH +4)


Message History

You thump the orc knight!
The orc knight is almost dead.
The orc priest calls upon Beogh to heal the orc knight.
The orc knight is healed somewhat.
The orc knight hits you with a +0 battleaxe!!
The orc barely misses you.
The orc priest looks encouraged for a moment.
You sock the orc knight!
You kill the orc knight!
Trog accepts your kill.
Your Fighting skill increases to level 8!
You bludgeon the orc priest!!
You kill the orc priest!
Trog accepts your kill. The orc completely misses you.
You barely miss the orc warrior. The orc completely misses you.
The orc warrior hits you with a +0 long sword!!
* * * LOW HITPOINT WARNING * * *
You bludgeon the orc warrior!!
The orc warrior is almost dead.
You closely miss the orc warrior.
The orc warrior is almost dead.
The orc priest invokes the aid of Beogh against the orc.
Beogh smites you!
* * * LOW HITPOINT WARNING * * *
The orc warrior hits you with a +0 long sword!
* * * LOW HITPOINT WARNING * * *
You sock the orc warrior!
You kill the orc warrior!
Trog accepts your kill.
You bludgeon the orc!!
You kill the orc!
Trog accepts your kill. You block the orc's attack.
You bludgeon the orc!!
You kill the orc!
Trog accepts your kill.
The orc priest mumbles some strange prayers to Beogh against the orc.
Beogh smites you!
You die...

.#................+
.#................#
.##.###.###.##'##.# .##
###.###.###.##.##.## ..#
......#.........#..# ...#
......#.........#..# ...#
......#.........#..#....#
......#.........o).#....#.
####.########...@).)......
.# #..##8o8#####8 ..
.....#.oooo.8... ...
#......#.oooo.....
....#......#...⌠.._..⌠
..###..#####.......... ##+
#......>... ###########


You could see an orc priest (strong) and 9 orcs.

Vanquished Creatures
  Gastronok (D:11)
  A boulder beetle (D:10)
  An orc knight (D:11)
  A deep elf zephyrmancer (D:10)
  A cyclops (D:11)
  2 ugly things
  Psyche (D:9)
  A komodo dragon (D:8)
  A kobold demonologist (D:11)
  A troll (D:9)
  Grinder (D:3)
  A shadow (D:10)
  A wraith (D:11)
  A wyvern (D:5)
  9 yaks
  A basilisk (D:8)
  An acid dragon (D:10)
  2 water moccasins
  11 orc warriors
  2 ice beasts
  4 centaurs
  3 ogres
  6 kobold brigands
  3 bullfrogs (D:8)
  2 gnoll sergeants
  4 scorpions
  10 wights
  11 killer bees
  3 howler monkeys (D:10)
  An electric eel (D:6)
  2 hounds
  7 orc priests
  A gnoll bouda (D:5)
  2 iguanas
  6 orc wizards
  22 gnolls
  6 adders
  A white imp (D:6)
  3 ufetubi (D:5)
  3 dart slugs
  51 orcs
  7 endoplasms
  2 giant cockroaches (D:1)
  9 goblins
  11 hobgoblins
  2 jackals (D:1)
  4 quokkas
  4 ball pythons
  8 bats
  6 frilled lizards (D:1)
  35 kobolds
  5 rats
285 creatures vanquished.

Vanquished Creatures (others)
  41 plants (D:8)
41 creatures vanquished.

Grand Total: 326 creatures vanquished

Notes
Turn   | Place    | Note
-------+----------+-------------------------------------------
     0 | D:1      | Sabo the Demonspawn Berserker began the quest for the Orb.
     0 | D:1      | Reached XP level 1. HP: 18/18 MP: 1/1
   143 | D:1      | Gained mutation: You may rarely emit foul miasma when
                  | damaged in melee. [demonic ancestry]
   143 | D:1      | Reached XP level 2. HP: 6/24 MP: 2/2
   498 | D:1      | Found a stormy altar of Qazlal.
  1448 | D:1      | Gained mutation: You are surrounded by a mild repulsion
                  | field. (EV +2) [demonic ancestry]
  1448 | D:1      | Reached XP level 3. HP: 23/29 MP: 3/3
  1448 | D:1      | Reached ** piety under Trog
  2110 | D:1      | Found a faded altar of an unknown god.
  2418 | D:2      | Identified the +2 leather armour of Sloth {+Blink rC+
                  | Regen+ MP+9}
  2997 | D:3      | Gained mutation: You have large cloven feet. [demonic
                  | ancestry]
  2997 | D:3      | Reached XP level 4. HP: 35/35 MP: 4/4
  3183 | D:3      | Noticed Grinder
  3185 | D:3      | Paralysed by Grinder for 5 turns
  3212 | D:3      | Killed Grinder
  3213 | D:3      | Reached skill level 1 in Stealth
  3213 | D:3      | Reached XP level 5. HP: 30/42 MP: 5/5
  3394 | D:3      | Gained mutation: A meltable shield of frost defends you.
                  | (SH +4) [demonic ancestry]
  3394 | D:3      | Reached XP level 6. HP: 48/48 MP: 6/6
  5024 | D:5      | Entered Level 5 of the Dungeon
  5213 | D:5      | Noticed a wyvern
  5222 | D:5      | Killed a wyvern
  5223 | D:5      | Reached skill level 1 in Throwing
  5223 | D:5      | Gained mutation: You are surrounded by a moderate repulsion
                  | field. (EV +3) [demonic ancestry]
  5223 | D:5      | Reached XP level 7. HP: 50/54 MP: 7/7
  5520 | D:5      | Noticed a yak
  5520 | D:5      | Noticed a yak
  5520 | D:5      | Noticed a yak
  5521 | D:5      | Noticed a yak
  5525 | D:5      | Noticed a yak
  5533 | D:5      | Killed a yak
  5534 | D:5      | Reached skill level 5 in Axes
  5536 | D:5      | Killed a yak
  5537 | D:5      | Reached skill level 1 in Shields
  5537 | D:5      | Reached XP level 8. HP: 61/61 MP: 8/8
  5544 | D:5      | Reached skill level 5 in Fighting
  5712 | D:5      | Reached *** piety under Trog
  6238 | D:5      | Found a staircase to the Ecumenical Temple.
  6604 | D:6      | Found the +7 staff of the Meek {protect, meekguard}
  6638 | D:6      | Reached XP level 9. HP: 68/68 MP: 9/9
  7374 | D:6      | Reached skill level 1 in Staves
  7769 | D:7      | Found a shimmering altar of Xom.
  7771 | D:7      | Found a shimmering altar of Xom.
  7809 | D:7      | Found a shimmering altar of Xom.
  7812 | D:7      | Found a shimmering altar of Xom.
  7977 | D:7      | Reached **** piety under Trog
  8743 | D:8      | Reached skill level 5 in Dodging
  8845 | D:8      | Found Nusucam's Antique Weapon Emporium.
  8851 | D:8      | Found Voblot's Magic Scroll Shop.
  8863 | D:8      | Bought a scroll of enchant armour for 105 gold pieces
  8876 | D:8      | Found Xiwkui's Antique Weapon Shop.
  9362 | D:8      | Identified the amulet "Besch" {Will+ Regen+}
  9397 | D:8      | Noticed a komodo dragon
  9400 | D:8      | Found a staircase to the Lair.
  9410 | D:8      | Reached XP level 10. HP: 66/77 MP: 10/10
  9834 | D:9      | Found a hazy altar of Hepliaklqana.
  9854 | D:9      | Reached skill level 5 in Staves
 10093 | D:9      | Noticed Psyche
 10101 | D:9      | Killed Psyche
 10448 | D:9      | Reached ***** piety under Trog
 10743 | D:10     | Entered Level 10 of the Dungeon
 10769 | D:10     | Noticed a boulder beetle
 10803 | D:10     | Killed a boulder beetle
 11127 | D:10     | Noticed a deep elf zephyrmancer
 11142 | D:10     | Killed a deep elf zephyrmancer
 11280 | D:10     | Noticed a purple ugly thing
 11300 | D:10     | Killed a purple ugly thing
 11301 | D:10     | Gained mutation: You are surrounded by a strong repulsion
                  | field. (EV +4, RMsl) [demonic ancestry]
 11301 | D:10     | Reached XP level 11. HP: 55/84 MP: 11/11
 11884 | D:11     | Noticed Gastronok
 11967 | D:11     | Killed Gastronok
 12030 | D:11     | Noticed a red ugly thing
 12039 | D:11     | Killed a red ugly thing
 12285 | D:11     | Identified the +7 dire flail of Arbitration {antimagic,
                  | +Blink rElec rPois rC-} (Trog gifted it to you on level 11
                  | of the Dungeon)
 12285 | D:11     | Received a gift from Trog
 12460 | D:11     | Found a staircase to the Orcish Mines.
 12470 | D:11     | Noticed an orc knight
 12506 | D:11     | Killed an orc knight
 12510 | D:11     | HP: 4/129 [orc warrior/+0 long sword (7)]
 12513 | D:11     | Killed from afar by an orc priest

Illustrated notes

Levels and vault maps discovered:
D:1:      scummos_arrival_simple_crosswalls, layout_loops_corners,
          hellmonk_ecumenical_altar_defaced_shrine, minmay_hexomino_r4
D:2:      layout_basic
D:3:      layout_loops_corners, roderic_lattice_a, uniq_grinder
D:4:      layout_rooms, kennysheep_nondescript
D:5:      layout_gridville, minmay_temple_entry_drinking_statues
D:6:      layout_basic, dreamdust_princess_corridor, minmay_crystal_water,
          serial_park_tiny_pond
D:7:      layout_gridville, xom_redecorated
D:8:      layout_cave_pools, david_lair_shrubbed, serial_shops,
          nicolae_shop_competitors_out_of_business, shop_scrolls, shop
D:9:      layout_roguey [special_room_orc], mainiacjoe_overflow_24_doors,
          uniq_psyche
D:10:     layout_rooms, kennysheep_just_a_vault
D:11:     layout_gridville, david_orc_5, uniq_sonja, uniq_gastronok

Skill      XL: |  1  2  3  4  5  6  7  8  9 10 11 |
---------------+----------------------------------+-----
Axes           | 3 4 5 7 |  7.7
Dodging        | 2 3 4 5 6 7 |  7.1
Armour         | 2 3 4 |  4.5
Maces & Flails | 2 3 |  3.3
Stealth        | 1 2 3 |  3.4
Fighting       | 4 5 6 7 8 |  8.0
Throwing       | 1 |  1.8
Shields        | 1 2 3 |  3.9
Staves         | 4 7 8 |  8.9
Unarmed Combat | |  0.4

Action                   |  1- 3 |  4- 6 |  7- 9 | 10-12 || total
-------------------------+-------+-------+-------+-------++-------
Melee: Hand axe          |   111 |    41 |   123 |       ||   275
       Flail             |    38 |    54 |       |       ||    92
       Kick              |       |    25 |    67 |       ||    92
       Unarmed           |       |     4 |       |       ||     4
       Punch             |       |       |     1 |       ||     1
       Quarterstaff      |       |       |   196 |   420 ||   616
Throw: Dart              |       |     4 |       |       ||     4
       Javelin           |       |     4 |       |     5 ||     9
Invok: Trog's Hand       |       |     1 |       |       ||     1
       Berserk           |       |       |     5 |     2 ||     7
  Use: Scroll            |     3 |     3 |     8 |     2 ||    16
       Potion            |       |     3 |       |     2 ||     5
 Stab: Sleeping          |       |       |       |     2 ||     2
Armor: Animal skin       |    25 |       |       |       ||    25
       Leather armour    |    12 |    15 |   101 |    93 ||   221
Dodge: Dodged            |   114 |    73 |   376 |   414 ||   977
Block: Other             |       |     8 |    72 |    81 ||   161

Table legend: (Time is in decaauts)
 A = Elapsed time spent in this place.
 B = Non-inter-level travel time spent in this place.
 C = Inter-level travel time spent in this place.
 D = Time resting spent in this place.
 E = Time spent auto-exploring this place.
 F = Levels seen in this place.
 G = Mean time per level.
                   A        B        C        D        E       F      G
               +--------+--------+--------+--------+--------+-----+--------+
         Total |  12597 |  12597 |      0 |   2853 |      0 |  11 | 1145.2 |
       Dungeon |  12597 |  12597 |      0 |   2853 |      0 |  11 | 1145.2 |
               +--------+--------+--------+--------+--------+-----+--------+

Top non-repeatable levels by time:
     D:1: 2374 daAuts
     D:3: 1434 daAuts
     D:5: 1344 daAuts
     D:6: 1331 daAuts
     D:8: 1133 daAuts
     D:7: 1020 daAuts
    D:10: 1019 daAuts
     D:9: 959 daAuts
    D:11: 725 daAuts
     D:2: 636 daAuts
     D:4: 619 daAuts
